 Dungeon Crawl Stone Soup version 0.20.0-10-g0535bb4 (webtiles) character file.

17698 MTVSty1e the Cleaver (level 12, -14/99 HPs)
             Began as a Vampire Gladiator on June 4, 2017.
             Was a High Priest of Okawaru.
             Demolished by Rupert
             ... wielding a +3 great sword of holy wrath
              (22 damage)
             ... on level 3 of the Lair of Beasts.
             The game lasted 00:28:33 (15945 turns).

MTVSty1e the Cleaver (Vampire Gladiator)           Turns: 15945, Time: 00:28:33

Health: -14/99     AC: 16    Str: 19    XL:     12   Next: 21%
Magic:  11/12      EV: 10    Int: 14    God:    Okawaru [*****.]
Gold:   48         SH:  3    Dex: 16    Spells: 11/11 levels left

rFire    . . .     SeeInvis +   D - +2 war axe (freeze)
rCold    . . .     Gourm    .   l - +0 buckler
rNeg     + . .     Faith    .   J - +1 scale mail "Ylaokuc" {Str+2 Stlth+}
rPois    .         Spirit   .   q - +3 hat of Ciyngala {rElec Str-5 Int+3}
rElec    +         Reflect  .   y - +2 cloak
rCorr    .         Harm     .   h - +0 pair of gloves
MR       +....                  B - +1 pair of boots
Stlth    +.........             (no amulet)
Regen    0.3/turn               (no ring)
MPRegen  0.2/turn               e - +4 ring of slaying

@: mighty
A: fangs 3, see invisible, unbreathing
a: Bat Form, Heroism, Finesse, Renounce Religion


You were on level 3 of the Lair of Beasts.
You worshipped Okawaru.
Okawaru was extremely pleased with you.
You were not thirsty.

You visited 3 branches of the dungeon, and saw 16 of its levels.

You collected 721 gold pieces.
You spent 673 gold pieces at shops.

Inventory:

Hand Weapons
 a - a +0 war axe
 d - the +8 quick blade of Desperation {antimagic, Dex+2}
   (Okawaru gifted it to you on level 2 of the Lair of Beasts)

   It reduces the magical energy of the wielder, and disrupts the spells and
   magical abilities of those hit.
   Natural abilities and divine invocations are not affected.
   It affects your dexterity (+2).
 D - a +2 war axe of freezing (weapon)
 O - a +0 flail
Armour
 b - a +0 plate armour
 c - a +0 helmet
 h - a +0 pair of gloves (worn)
 l - a +0 buckler (worn)
 q - the +3 hat of Ciyngala (worn) {rElec Str-5 Int+3}
   (You bought it in a shop on level 4 of the Dungeon)

   It affects your strength (-5).
   It affects your intelligence (+3).
   It insulates you from electricity.
 y - a +2 cloak (worn)
 B - a +1 pair of boots (worn)
 J - the +1 scale mail "Ylaokuc" (worn) {Str+2 Stlth+}
   (You bought it in a shop on level 4 of the Dungeon)

   It affects your strength (+2).
   It makes you more stealthy.
 M - the +3 ring mail of Supple Strength {rCorr}
   (You found it on level 11 of the Dungeon)

   It protects you from acid and corrosion.
Jewellery
 e - a +4 ring of slaying (right hand)
 o - an uncursed ring of flight
 F - an uncursed amulet of guardian spirit
Wands
 u - a wand of clouds (6/9)
 w - a wand of flame (42/48)
 A - a wand of acid (5/15)
 E - a wand of flame (16/48)
 L - a wand of polymorph (9/24)
Scrolls
 g - 5 scrolls of teleportation
 j - a scroll of magic mapping
 k - 2 scrolls of blinking
 n - a scroll of amnesia
 p - 2 scrolls of enchant armour
 s - 10 scrolls of remove curse
 C - a scroll of fear
 P - 2 scrolls of fog
Potions
 f - 4 potions of curing
 i - a potion of magic
 m - a potion of invisibility
 r - a potion of ambrosia
 v - a potion of cancellation {unknown}
 x - 2 potions of haste
 z - 2 potions of lignification {unknown}
 G - 13 potions of blood
 H - a potion of berserk rage
 I - a potion of brilliance {unknown}
 N - 3 potions of flight


   Skills:
 + Level 10.7 Fighting
 * Level 14.8 Axes
 - Level 1.5 Throwing
 - Level 3.2 Dodging


You had 11 spell levels left.
You didn't know any spells.

Dungeon Overview and Level Annotations

Branches:
Dungeon (12/15)            Temple (1/1) D:4            Lair (3/6) D:9
  Swamp (0/4) Lair:3          Orc (0/2) D:9
  Snake: Lair:2-4    Spider: Lair:2-4

Altars:
Ashenzari
Cheibriados
Dithmenos
Elyvilon
Fedhas
Gozag
Makhleb
Nemelex Xobeh
Okawaru
Sif Muna
Trog
Uskayaw
Xom
Yredelemnul
Zin
Beogh

Shops:
D:4 [

Portals:
Trove: D:10 (give 2 scrolls of acquirement)

Annotations:
Lair:3 Rupert


Innate Abilities, Weirdness & Mutations

You have razor-sharp teeth.
You have supernaturally acute eyesight. (SInv)
You can survive without breathing.


Message History

You slice Rupert!! You freeze Rupert.
Rupert is moderately wounded.
You slice Rupert!! You freeze Rupert.
Rupert is heavily wounded.
You feel like a meek peon again. Rupert hits you but does no damage.
You slice Rupert!! You freeze Rupert!
Rupert is severely wounded.
You block Rupert's attack.
You closely miss Rupert.
Rupert is severely wounded.
Rupert hits you with a great sword of holy wrath!
You convulse!
* * * LOW HITPOINT WARNING * * *
You closely miss Rupert.
Rupert is severely wounded.
Rupert hits you with a great sword of holy wrath!
* * * LOW HITPOINT WARNING * * *
You convulse!!
You die...

#...P..P... #..........
#...#..#... ##
##.....#.........≈≈≈P
.####.###................≈PPP
.........................≈P≈≈
...........................P≈≈≈
#...............@@...........≈≈P≈
......#+........#########...P≈P≈≈
......P........## #....PPP≈P
...............# #....≈≈≈≈≈
...........<...# #....#####
......#..#.....# ##...#####
...............# #.#.#..##.
..........P....# ###.......
.#........P....# #.......


You could see Rupert (berserk).

Vanquished Creatures
  A hydra (Lair:2)
  2 two-headed ogres
  An unseen horror (D:11)
  An ugly thing (D:11)
  A cyclops (D:11)
  2 spiny frogs
  A gargoyle (D:10)
  A komodo dragon (Lair:3)
  A hornet (D:8)
  A troll (D:10)
  4 hippogriffs
  2 wraiths (D:11)
  23 yaks
  6 hungry ghosts
  A steam dragon (D:11)
  A basilisk (Lair:1)
  2 two-headed ogre zombies (D:9)
  6 water moccasins
  3 soldier ants
  3 porcupines
  4 sky beasts
  2 black bears
  5 orc warriors
  4 phantoms
  4 ice beasts
  5 centaurs
  5 ogres
  3 wolves (Lair:2)
  5 crocodiles
  A big kobold (D:8)
  8 bullfrogs
  4 scorpions
  2 troll zombies (D:9)
  2 howler monkeys (D:11)
  2 crimson imps
  5 centaur skeletons
  2 centaur zombies
  4 hounds
  Crazy Yiuf (D:5)
  3 orc priests
  5 orc wizards
  A bullfrog skeleton (D:10)
  6 iguanas
  3 worker ants
  4 ogre zombies (D:9)
  A hound zombie (D:9)
  A worker ant zombie (D:9)
  A gnoll (D:6)
  8 adders
  6 shadow imps
  4 adder skeletons
  2 adder zombies
  2 worms (D:2)
  2 dart slugs
  3 leopard geckos
  35 orcs
  6 bats
  A giant cockroach (D:3)
  6 goblins
  8 hobgoblins
  5 jackals
  12 kobolds
  2 quokkas
  2 ball pythons
  6 frilled lizards
  A goblin skeleton (D:9)
  3 hobgoblin skeletons (D:9)
  A jackal zombie (D:5)
  A leopard gecko zombie (D:9)
  2 orc skeletons (D:9)
  19 orc zombies (D:9)
  4 quokka skeletons
  7 rats
  A fungus (Lair:2)
  A plant (Lair:2)
306 creatures vanquished.

Vanquished Creatures (others)
  A wizard (D:8)
  An adder (D:11)
  A fungus (Lair:3)
3 creatures vanquished.

Grand Total: 309 creatures vanquished

Notes
Turn   | Place    | Note
-------+----------+-------------------------------------------
     0 | D:1      | MTVSty1e the Vampire Gladiator began the quest for the Orb.
     0 | D:1      | Reached XP level 1. HP: 16/16 MP: 1/1
   129 | D:1      | Reached skill level 3 in Axes
   247 | D:1      | Reached XP level 2. HP: 22/22 MP: 2/2
  1029 | D:2      | Reached XP level 3. HP: 25/28 MP: 3/3
  2238 | D:3      | Reached skill level 4 in Axes
  2254 | D:3      | Reached XP level 4. HP: 33/34 MP: 4/4
  2750 | D:4      | Noticed a centaur
  2757 | D:4      | Killed a centaur
  2757 | D:4      | Reached XP level 5. HP: 20/41 MP: 5/5
  2985 | D:4      | Found Faesuun's Armour Shoppe.
  3162 | D:4      | Found a staircase to the Ecumenical Temple.
  3212 | Temple   | Entered the Ecumenical Temple
  3234 | Temple   | Became a worshipper of Warmaster Okawaru
  3296 | D:4      | Noticed a centaur
  3313 | D:4      | Killed a centaur
  3313 | D:4      | Reached skill level 5 in Axes
  3313 | D:4      | Reached XP level 6. HP: 22/47 MP: 6/6
  3836 | D:5      | Entered Level 5 of the Dungeon
  4292 | D:5      | Reached skill level 6 in Axes
  4764 | D:5      | Noticed an ice beast
  4776 | D:5      | Killed an ice beast
  4776 | D:5      | Reached * piety under Okawaru
  4776 | D:5      | Reached XP level 7. HP: 55/55 MP: 7/7
  4787 | D:5      | Found a runed door.
  5330 | D:5      | Noticed Crazy Yiuf
  5336 | D:5      | Killed Crazy Yiuf
  5350 | D:5      | Got an iridescent mace
  5542 | D:5      | Identified the +5 mace of Duty {holy, rC- Int+5 Dex+6} (You found it on level 5 of the Dungeon)
  5843 | D:6      | Reached skill level 5 in Fighting
  5843 | D:6      | Reached skill level 7 in Axes
  6095 | D:6      | Reached XP level 8. HP: 62/62 MP: 8/8
  6189 | D:6      | Found an iron altar of Okawaru.
  6359 | D:6      | Reached skill level 8 in Axes
  6934 | D:7      | Reached ** piety under Okawaru
  7198 | D:7      | Reached skill level 9 in Axes
  7448 | D:7      | Noticed a hippogriff
  7455 | D:7      | Killed a hippogriff
  7455 | D:7      | Reached XP level 9. HP: 60/70 MP: 6/9
  7699 | D:7      | Found a shadowy altar of Dithmenos.
  7703 | D:7      | Found a white marble altar of Elyvilon.
  7710 | D:7      | Found an opulent altar of Gozag.
  7721 | D:7      | Found a glowing silver altar of Zin.
  7723 | D:7      | Found a shimmering altar of Xom.
  7872 | D:8      | Reached skill level 10 in Axes
  7875 | D:8      | Reached *** piety under Okawaru
  8426 | D:8      | Found a bloodstained altar of Trog.
  8435 | D:8      | Noticed a wizard
  8439 | D:8      | Killed a wizard
  8596 | D:8      | Found a shattered altar of Ashenzari.
  8793 | D:9      | Found a staircase to the Lair.
  8809 | D:9      | Noticed a two-headed ogre
  8827 | D:9      | Killed a two-headed ogre
  8827 | D:9      | Reached **** piety under Okawaru
  8827 | D:9      | Reached skill level 11 in Axes
  8827 | D:9      | Reached XP level 10. HP: 35/80 MP: 8/10
  8861 | D:9      | Received a gift from Okawaru
  9208 | D:9      | Found a staircase to the Orcish Mines.
  9715 | D:9      | Found a roughly hewn altar of Beogh.
 10078 | D:9      | Found a basalt altar of Yredelemnul.
 10267 | D:10     | Entered Level 10 of the Dungeon
 10274 | D:10     | Reached skill level 12 in Axes
 10285 | D:10     | Reached ***** piety under Okawaru
 10424 | D:10     | Noticed a gargoyle
 10437 | D:10     | Killed a gargoyle
 10609 | D:10     | Found a portal to a secret trove of treasure.
 10896 | D:11     | Noticed a two-headed ogre
 10907 | D:10     | Received a gift from Okawaru
 11044 | D:10     | Reached XP level 11. HP: 43/89 MP: 9/11
 11270 | D:11     | Killed a two-headed ogre
 11270 | D:11     | Reached skill level 13 in Axes
 11275 | D:11     | Noticed a green ugly thing
 11282 | D:11     | Killed a green ugly thing
 11362 | D:11     | Noticed an unseen horror
 11375 | D:11     | Killed an unseen horror
 11420 | D:11     | Got a bloodstained ring mail
 11440 | D:11     | Identified the +3 ring mail of Supple Strength {rCorr} (You found it on level 11 of the Dungeon)
 11990 | D:12     | Reached skill level 10 in Fighting
 11998 | D:12     | Noticed a six-headed hydra
 12403 | Lair:1   | Entered Level 1 of the Lair of Beasts
 13079 | Lair:1   | Reached skill level 14 in Axes
 13220 | Lair:2   | Received a gift from Okawaru
 13239 | Lair:2   | Got a faintly glowing quick blade {god gift}
 13405 | Lair:2   | Identified the +8 quick blade of Desperation {antimagic, Dex+2} (Okawaru gifted it to you on level 2 of the Lair of Beasts)
 13631 | Lair:2   | Noticed a six-headed hydra
 13648 | Lair:2   | Killed a six-headed hydra
 13648 | Lair:2   | Reached XP level 12. HP: 20/98 MP: 9/12
 15489 | Lair:3   | Found a staircase to the Swamp.
 15747 | D:4      | Bought the +3 hat of Ciyngala {rElec Str-5 Int+3} for 374 gold pieces
 15747 | D:4      | Bought the +1 scale mail "Ylaokuc" {Str+2 Stlth+} for 299 gold pieces
 15930 | Lair:3   | Noticed Rupert
 15931 | Lair:3   | Paralysed by Rupert for 5 turns
 15945 | Lair:3   | Demolished by Rupert

Skill      XL: |  1  2  3  4  5  6  7  8  9 10 11 |
---------------+----------------------------------+-----
Fighting       | 2 3 4 5 6 7 9 10 | 10.7
Axes           | 3 4 5 6 7 9 11 12 14 | 14.8
Throwing       | |  1.5
Dodging        | |  3.2

Action                   |  1- 3 |  4- 6 |  7- 9 | 10-12 || total
-------------------------+-------+-------+-------+-------++-------
Melee: War axe           |   112 |   103 |   328 |   468 ||  1011
       Bite              |    10 |    15 |    51 |    63 ||   139
       Flail             |       |       |       |     9 ||     9
Invok: Heroism           |       |       |     7 |    10 ||    17
  Use: Potion            |     1 |     3 |       |    14 ||    18
       Scroll            |       |       |    14 |     8 ||    22
 Stab: Distracted        |     2 |       |       |       ||     2
       Sleeping          |     1 |     2 |       |     1 ||     4
  Eat: Corpse            |     2 |     5 |     7 |     7 ||    21
Armor: Leather armour    |    46 |     6 |       |       ||    52
       Chain mail        |       |    47 |    47 |       ||    94
       Plate armour      |       |       |   135 |   166 ||   301
       Ring mail         |       |       |       |    96 ||    96
       Scale mail        |       |       |       |     1 ||     1
Dodge: Dodged            |   111 |    54 |    87 |   169 ||   421
Block: Buckler           |    19 |    21 |    42 |    77 ||   159
